 Dungeon Crawl Stone Soup version 0.28.0-1-gb440e238dd (webtiles) character file.

Game seed: 12247713516368574334

119 smarlow the Magician (level 5, -6/40 HPs)
             Began as a Djinni Warper on Feb 23, 2022.
             Mangled by an ogre (22 damage)
             ... on level 4 of the Dungeon.
             The game lasted 00:07:57 (2952 turns).

smarlow the Magician (Djinni Warper)                Turns: 2952, Time: 00:07:58

Health: -6/40      AC:  5    Str: 10    XL:     5   Next: 23%
Gold:   145        EV: 11    Int: 17    God:
                   SH:  3    Dex: 12

rFire   + + .      SeeInvis .   d - +1 whip (pain)
rCold   x . .      Faith    .   k - +0 buckler
rNeg    . . .      Spirit   .   a - +0 leather armour
rPois   ∞          Reflect  .   j - +1 helmet
rElec   .          Harm     .   (no cloak)
rCorr   .          Rampage  .   (no gloves)
Will    .....                   (boots unavailable)
Stlth   +.........              g - amulet of regeneration
HPRegen 0.93/turn               (no ring)
MPRegen 0.00/turn               (no ring)

@: flying
A: sickness immunity, fire resistance 2, cold vulnerability 1, float, innate
caster, HP casting, extra vitality 1
a: no special abilities


You were on level 4 of the Dungeon.
You visited 1 branch of the dungeon, and saw 4 of its levels.

You collected 145 gold pieces.

Inventory:

Hand Weapons
 d - a +1 whip of pain (weapon)
Missiles
 c - 3 boomerangs of dispersal (quivered)
 m - 10 boomerangs
Armour
 a - a +0 leather armour (worn)
 j - a +1 helmet (worn)
 k - a +0 buckler (worn)
Jewellery
 g - an amulet of regeneration (around neck)
Scrolls
 b - a scroll of identify {unknown}
 e - 2 scrolls of teleportation
 f - a scroll of summoning {unknown}
 h - 2 scrolls of fear {unknown}
 i - a scroll of brand weapon {unknown}
 l - 2 scrolls of immolation {unknown}
 n - a scroll of vulnerability {unknown}


   Skills:
 + Level 2.8 Fighting
 + Level 1.4 Maces & Flails
 - Level 0.7 Throwing
 + Level 2.1 Armour
 - Level 2.1 Dodging
 - Level 2.0 Unarmed Combat
 * Level 3.3 Spellcasting


You couldn't memorise any spells.
You knew the following spells:

 Your Spells              Type           Power      Damage    Failure   Level
a - Blink                 Tloc           28%        N/A       12%         2
b - Lesser Beckoning      Tloc           14%        N/A       24%         3
c - Gell's Gravitas       Tloc           14%        N/A       24%         3
d - Teleport Other        Tloc           14%        N/A       24%         3
e - Manifold Assault      Tloc           14%        N/A       92%         5
f - Animate Skeleton      Necr           28%        N/A       9%          1
g - Static Discharge      Conj/Air       14%        N/A       12%         2
Your spell library was empty.

Dungeon Overview and Level Annotations

Branches:
Dungeon (4/15)
 Temple: D:4-7

Altars:


Innate Abilities, Weirdness & Mutations

You are immune to sickness and miasma.
You are immune to poison.
Your flesh is very heat resistant. (rF++)
You are vulnerable to cold. (rC-)
You float through the air rather than walking.
You learn spells naturally, not from books.
Your magical power is your life essence.
You have superior vitality. (+4 MHP)


Message History

The dart slug closely misses you.
You hit the dart slug.
The dart slug is moderately wounded.
You hit the dart slug.
The dart slug is severely wounded.
You block the dart slug's attack.
You hit the dart slug.
The dart slug is almost dead.
The dart slug completely misses you.
You hit the dart slug.
You kill the dart slug!
The ogre hits you with a +0 giant club!
You hit the ogre.
The ogre is lightly wounded.
The ogre hits you with a +0 giant club!!
Ouch! That really hurt!
* * * LOW HITPOINT WARNING * * *
You are too injured to fight recklessly!
Things that are here:
a quokka corpse; a ball python corpse; a jackal corpse
Casting: Animate Skeleton (safe; 9% risk of failure)
Confirm with . or Enter, or press ? or * to list all spells.
You blink.
* * * LOW HITPOINT WARNING * * *
Casting: Blink (safe; 12% risk of failure)
Confirm with . or Enter, or press ? or * to list all spells.
You are still too unstable to blink.
You feel stable enough to blink again.
Press: ? - help, v - describe, . - travel The floor.
Casting: Blink (safe; 12% risk of failure)
Confirm with . or Enter, or press ? or * to list all spells.
You blink.
* * * LOW HITPOINT WARNING * * *
You feel stable enough to blink again.
Things that are here:
a quokka corpse; a ball python corpse; a jackal corpse The ogre hits you with a +0 giant club!!
Ouch! That really hurt!
You die...

#.......#.#
#.........#.#
#...........
+...........
#...######.# #...#
#...#
############...####
...............O@.#
#################.#
#....###
#......#####
#..........#
#..........#
+..........#
#####......# #
#.<....#.#


You could see an ogre.

Vanquished Creatures
  Robin (D:2)
  An adder (D:3)
  3 worms
  5 dart slugs
  2 orcs (D:3)
  6 ball pythons
  9 endoplasms
  3 giant cockroaches
  6 goblins
  8 hobgoblins
  3 jackals (D:4)
  7 quokkas
  3 bats
  2 frilled lizards
  4 kobolds
  8 rats
71 creatures vanquished.

Vanquished Creatures (collateral kills)
  A kobold (D:1)
1 creature vanquished.

Grand Total: 72 creatures vanquished

Notes
Turn   | Place    | Note
-------+----------+-------------------------------------------
     0 | D:1      | smarlow the Djinni Warper began the quest for the Orb.
     0 | D:1      | Reached XP level 1. HP: 18/18 MP: 0/0
   228 | D:1      | Reached XP level 2. HP: 23/23 MP: 0/0
   367 | D:1      | You are sucked into a shaft and drop 1 floor!
  1248 | D:1      | Found a faded altar of an unknown god.
  1262 | D:1      | Reached XP level 3. HP: 28/28 MP: 0/0
  1262 | D:1      | Learned a level 1 spell: Animate Skeleton
  1982 | D:3      | Reached skill level 1 in Maces & Flails
  1984 | D:3      | Reached XP level 4. HP: 34/34 MP: 0/0
  2008 | D:3      | Noticed Robin
  2011 | D:3      | Reached skill level 3 in Spellcasting
  2445 | D:2      | Killed Robin
  2606 | D:3      | Reached XP level 5. HP: 39/39 MP: 0/0
  2606 | D:3      | Learned a level 2 spell: Static Discharge
  2925 | D:4      | Noticed an ogre
  2932 | D:4      | HP: 1/40 [ogre (25)]
  2952 | D:4      | Mangled by an ogre

Illustrated notes

Levels and vault maps discovered:
D:1:      lightli_arrival_maybe_door_vault, layout_basic,
          basic_ecumenical_altar, nicolae_concentric_dashed_squares_mild
D:2:      layout_loops_ring, dk_noncrumbling_2
D:3:      minmay_chambers_of_threes, layout_rooms, minmay_pentangle, uniq_robin
D:4:      layout_basic, grunt_ministairs_13

Skill      XL: |  1  2  3  4 |
---------------+-------------+-----
Maces & Flails | 1 |  1.4
Spellcasting   | 3 |  3.3
Armour         | 2 |  2.1
Fighting       | |  2.8
Throwing       | |  0.7
Dodging        | |  2.1
Unarmed Combat | |  2.0

Action                   |  1- 3 |  4- 6 || total
-------------------------+-------+-------++-------
Melee: Whip              |   119 |   185 ||   304
       Punch             |     1 |     3 ||     4
Throw: Boomerang         |     1 |     1 ||     2
 Cast: Animate Skeleton  |     2 |     4 ||     6
       Blink             |       |     2 ||     2
  Use: Scroll            |       |     2 ||     2
 Stab: Sleeping          |     2 |       ||     2
Armor: Leather armour    |    19 |    54 ||    73
Dodge: Dodged            |    62 |   126 ||   188
Block: Buckler           |       |    12 ||    12
